 Dungeon Crawl Stone Soup version 0.26.1-11-gd32895ea62 (webtiles) character file.

Game seed: 3640082965022037375

58502 basicallysejuani the Nimble (level 15, 0/88 HPs)
             Began as a Halfling Hunter on June 22, 2021.
             Was a High Priest of Okawaru.
             Slain by Rupert
             ... wielding a +2 battleaxe of electrocution
              (26 damage)
             ... while paralysed by Rupert
             ... on level 12 of the Dungeon on June 24, 2021.
             The game lasted 04:23:23 (25737 turns).

basicallysejuani the Nimble (Halfling Hunter)      Turns: 25737, Time: 04:23:23

Health: 0/88       AC: 23    Str: 23    XL:     15   Next: 30%
Magic:  20/20      EV:  3    Int: 18    God:    Okawaru [*****.]
Gold:   1224       SH:  0    Dex: 18    Spells: 6/15 levels left

rFire    + + .     SeeInvis .   i - +3 fustibalus (flame)
rCold    . . .     Faith    .   (shield restricted)
rNeg     + . .     Spirit   .   a - +4 ring mail of the Skies Above {rPois rN+ Will-}
rPois    +         Reflect  .   z - +1 helmet "Iloub" {rCorr Int+2}
rElec    .         Harm     .   c - +3 cloak "Rakhludwiru" {+Inv rCorr Slay+5}
rCorr    +         Rampage  .   J - +0 pair of gloves
Will     .....                  O - +0 pair of boots
Stlth    ++++......             T - amulet of magic regeneration
HPRegen  0.00/turn              E - ring "Utriosa" {*Corrode rF++ Str+6 Int+7}
MPRegen  0.42/turn              G - ring of wizardry

@: paralysed, heroism, studying Ice Magic
A: small, mutation resistance 1, inhibited regeneration
a: Renounce Religion, Evoke Invisibility, Heroism, Finesse


You were on level 12 of the Dungeon.
You worshipped Okawaru.
Okawaru was extremely pleased with you.
You visited 4 branches of the dungeon, and saw 20 of its levels.
You also visited: Sewer, Ossuary, Bailey, Ice Cave and Volcano.

You collected 1224 gold pieces.

Inventory:

Hand Weapons
 i - a +3 fustibalus of flaming (weapon)
 l - a +2 antimagic short sword
Missiles
 j - 157 sling bullets (quivered ammo)
 t - 76 poisoned darts
 y - 7 atropa-tipped darts
 I - 5 curare-tipped darts
Armour
 a - the +4 ring mail of the Skies Above (worn) {rPois rN+ Will-}
   (You found it in an ice cave)

   It protects you from poison.
   It protects you from negative energy.
   It affects your willpower, your defense against some magical effects.
 c - the +3 cloak "Rakhludwiru" (worn) {+Inv rCorr Slay+5}
   (You found it on level 8 of the Dungeon)

   It affects your accuracy and damage with ranged weapons and melee attacks
   (+5).
   It lets you turn invisible.
   It provides partial protection from all sources of acid and corrosion.
 m - the -2 hat of the Alchemist {rElec rPois rF+ rC+ rN+ Will+ rMut rCorr}
   (You found it on level 9 of the Dungeon)

   It protects you from fire.
   It protects you from cold.
   It insulates you from electricity.
   It protects you from poison.
   It protects you from negative energy.
   It affects your willpower, your defense against some magical effects.
   It provides partial protection from all sources of acid and corrosion.
   It protects you from mutation.
 p - +2 acid dragon scales
 v - a +0 troll leather armour
 z - the +1 helmet "Iloub" (worn) {rCorr Int+2}
   (Okawaru gifted it to you on level 4 of the Lair of Beasts)

   It affects your intelligence (+2).
   It provides partial protection from all sources of acid and corrosion.
 J - a +0 pair of gloves (worn)
 O - a +0 pair of boots (worn)
 U - the -2 pair of boots "Totink" {SInv}
   (You found it on level 7 of the Dungeon)

   It lets you see invisible.
Magical Staves
 D - an uncursed staff of air
Jewellery
 g - an uncursed amulet of reflection
 h - an uncursed ring of positive energy
 E - the ring "Utriosa" (left hand) {*Corrode rF++ Str+6 Int+7}
   (You found it on level 4 of the Dungeon)

   [ring of strength]

   It affects your strength (+6).
   It affects your intelligence (+7).
   It greatly protects you from fire.
   It may corrode you when you take damage.
 G - a ring of wizardry (right hand)
 M - an uncursed amulet of guardian spirit
 T - an amulet of magic regeneration (around neck)
Wands
 b - a wand of random effects (46)
 f - a wand of polymorph (6)
 q - a wand of digging (7)
 F - a wand of flame (44)
 K - a wand of iceblast (12)
 L - a wand of disintegration (9)
 W - a wand of acid (14)
Scrolls
 e - 9 scrolls of remove curse
 k - 5 scrolls of blinking
 o - a scroll of silence {unknown}
 r - 3 scrolls of identify
 s - 5 scrolls of immolation
 u - 5 scrolls of fog
 w - a scroll of holy word
 x - 9 scrolls of teleportation
 A - a scroll of vulnerability
 B - a scroll of fear
 H - a scroll of noise {unknown}
 N - a scroll of summoning
 P - 3 scrolls of amnesia
 Q - a scroll of torment {unknown}
 X - a scroll of random uselessness {unknown}
Potions
 d - a potion of mutation
 n - 3 potions of heal wounds
 C - 5 potions of flight
 R - a potion of invisibility
 Y - 3 potions of brilliance
 Z - a potion of curing
Books
 V - a manual of Ice Magic
Miscellaneous
 S - a box of beasts


   Skills:
 * Level 3.6(8.6) Fighting
 + Level 13.0(18.1) Slings
 + Level 0.2(10.9) Throwing
 - Level 11.4(16.4) Armour
 - Level 14.7(19.7) Dodging
 + Level 6.3(11.3) Stealth
 - Level 0.4(5.4) Shields
 - Level 0.7 Spellcasting
 - Level 7.4 Hexes
 - Level 6.6 Summonings
 - Level 8.3 Translocations
 - Level 1.0 Fire Magic
 * Level 1.8 Ice Magic
 * Level 2.0 Air Magic
 - Level 7.2 Invocations
 * Level 1.9 Evocations


You had 6 spell levels left.
You knew the following spells:

 Your Spells              Type           Power        Failure   Level
a - Magic Dart            Conj           0%           11%         1
b - Call Imp              Summ           24%          1%          2
c - Blink                 Tloc           N/A          1%          2
d - Portal Projectile     Hex/Tloc       58%          1%          3
e - Corona                Hex            30%          1%          1

Your spell library contained the following spells:

 Spells                   Type           Power        Failure   Level
 Apportation              Tloc           60%          1%          1
 Summon Small Mammal      Summ           96%          1%          1
 Slow                     Hex            27%          1%          2
 Cause Fear               Hex            13%          5%          4
 Inner Flame              Hex/Fire       15%          6%          3
 Dazzling Flash           Conj/Hex       28%          8%          3
 Animate Skeleton         Necr           0%           11%         1
 Beastly Appendage        Tmut           0%           11%         1
 Pain                     Necr           0%           11%         1
 Searing Ray              Conj           0%           16%         2
 Wereblood                Tmut           0%           16%         2
 Summon Lightning Spire   Summ/Air       16%          17%         4
 Iskenderun's Mystic Bla  Conj/Tloc      15%          19%         4
 Mephitic Cloud           Conj/Pois/Air  3%           24%         3
 Fulminant Prism          Conj/Hex       7%           24%         4
 Leda's Liquefaction      Hex/Erth       7%           24%         4
 Conjure Flame            Conj/Fire      2%           26%         3
 Spider Form              Tmut/Pois      0%           32%         3
 Vampiric Draining        Necr           0%           32%         3
 Silence                  Hex/Air        8%           38%         5
 Ice Form                 Ice/Tmut       3%           56%         4
 Animate Dead             Necr           0%           69%         4
 Agony                    Necr           0%           95%         5
 Blade Hands              Tmut           0%           95%         5
 Conjure Ball Lightning   Conj/Air       2%           100%        6
 Tornado                  Air            4%           100%        9


Dungeon Overview and Level Annotations

Branches:
Dungeon (12/15)            Temple (0/1) D:5            Lair (6/6) D:10
  Swamp (1/4) Lair:2       Spider (0/4) Lair:4        Slime (1/5) Lair:6
    Orc (0/2) D:10          Sewer (visited)         Ossuary (visited)
 Bailey (visited)           IceCv (visited)         Volcano (visited)

Altars:
Cheibriados
Dithmenos
Hepliaklqana
Nemelex Xobeh
Okawaru
Qazlal
Uskayaw
Yredelemnul
Zin
Jiyva

Annotations:
D:12 Azrael, Rupert


Innate Abilities, Weirdness & Mutations

You are small and have problems with some larger weapons.
You are somewhat resistant to further mutation.
You do not regenerate when monsters are visible.


Message History

You shoot a sling bullet. The sling bullet hits Rupert.
The sling bullet burns Rupert.
Rupert is heavily wounded.
Rupert hits you but does no damage.
You shoot a sling bullet. The sling bullet closely misses Rupert.
You shoot a sling bullet. The sling bullet barely misses Rupert.
Rupert yells loudly at you.
You suddenly lose the ability to move!
Rupert hits you with a +2 battleaxe of electrocution.
Rupert asks, "You're a monster, aren't you?"
Rupert hits you but does no damage.
Rupert roars madly and goes into a rage!
Rupert goes berserk!
Rupert hits you but does no damage.
Rupert hits you with a +2 battleaxe of electrocution!!
You are electrocuted!!
Rupert hits you with a +2 battleaxe of electrocution!
* * * LOW HITPOINT WARNING * * *
Rupert hits you with a +2 battleaxe of electrocution!!
You die...

##...#....#.##
#...##.......##
#..##.........#
..............# ##
.............####.##
........#.....##...##
##..................#
##.###......##....##
#...#...##...#.@..#
..............#.@###
................(#
.....##....#....(.
........[.#.....(..
...................
.................(.
..☼.............(...
°R.☼........


You could see Rupert (berserk).

Vanquished Creatures
  The ghost of buriedalive the Fighter, a journeyman DEIE of Ashenzari (Lair:6)
  A fire dragon (Lair:6)
  10 hydras
  A boulder beetle (D:11)
  3 catoblepae
  2 two-headed ogres
  A swamp dragon (Lair:6)
  An oklob plant (D:11)
  3 ugly things
  A cyclops (D:11)
  3 ice statues (IceCv)
  Maurice (D:9)
  8 black mambas
  6 cane toads
  7 rime drakes
  A kobold demonologist (D:11)
  Maggie (D:8)
  12 komodo dragons
  3 trolls
  7 polar bears
  2 hornets
  Prince Ribbit (D:6)
  12 dream sheep
  34 blink frogs
  Sigmund (D:2)
  A tarantella (Lair:4)
  75 yaks
  Eustachio (D:4)
  A steam dragon (D:9)
  4 basilisks
  2 wargs (D:10)
  A soldier ant (D:11)
  14 water moccasins
  A hell hound (D:12)
  3 acid dragons (Lair:6)
  A swamp drake (Lair:6)
  10 ice beasts
  5 orc warriors
  3 sky beasts
  5 black bears
  6 ogres
  2 necrophages (Lair:2)
  3 phantoms
  3 wolves (Lair:4)
  6 centaurs
  A big kobold (D:10)
  Blork the orc (D:5)
  15 bullfrogs
  2 wyvern zombies
  A wyvern skeleton (D:10)
  A water moccasin skeleton (D:9)
  5 scorpions
  12 killer bees
  2 howler monkeys
  A centaur zombie (D:8)
  A bullfrog zombie (D:10)
  4 jellies
  5 hounds
  10 orc priests
  A centaur skeleton (D:8)
  7 orc wizards
  8 iguanas
  8 worker ants
  2 big kobold zombies (Ossuary)
  4 mummies
  A worker ant zombie (D:5)
  10 adders
  3 river rats (D:4)
  A shadow imp (D:9)
  2 white imps (D:6)
  2 ufetubi
  2 oozes
  5 worms
  2 dart slugs
  11 leopard geckos
  44 orcs
  4 giant cockroaches
  9 goblins
  6 hobgoblins
  18 jackals
  7 quokkas
  6 ball pythons
  18 bats
  8 frilled lizards
  A giant cockroach zombie (D:5)
  A hobgoblin zombie (D:8)
  A jackal skeleton (D:4)
  14 kobolds
  A kobold zombie (D:8)
  A leopard gecko skeleton (D:6)
  A quokka zombie (D:9)
  7 rats
547 creatures vanquished.

Vanquished Creatures (others)
  37 fungi
  58 plants
95 creatures vanquished.

Grand Total: 642 creatures vanquished

Notes
Turn   | Place    | Note
-------+----------+-------------------------------------------
     0 | D:1      | basicallysejuani the Halfling Hunter began the quest for
                  | the Orb.
     0 | D:1      | Reached XP level 1. HP: 14/14 MP: 1/1
    91 | D:1      | Reached XP level 2. HP: 19/19 MP: 2/2
   266 | D:1      | Reached XP level 3. HP: 24/24 MP: 3/3
   801 | D:2      | Noticed Sigmund
   808 | D:2      | Killed Sigmund
   809 | D:2      | Reached skill level 3 in Dodging
   809 | D:2      | Reached XP level 4. HP: 30/30 MP: 4/4
   809 | D:2      | Reached XP level 5. HP: 35/35 MP: 5/5
   809 | D:2      | Reached XP level 6. HP: 41/41 MP: 6/6
   859 | D:2      | Found a hide-covered altar of Uskayaw.
   863 | D:2      | Found a glowing silver altar of Zin.
   865 | D:2      | Found an iron altar of Okawaru.
   869 | D:2      | Became a worshipper of Warmaster Okawaru
  2450 | D:4      | Noticed a phantom
  2507 | D:4      | Killed a phantom
  2508 | D:4      | Reached XP level 7. HP: 39/45 MP: 7/7
  2638 | D:4      | Found a glowing drain.
  2711 | Sewer    | Entered a sewer
  2977 | Sewer    | Reached skill level 1 in Armour
  3211 | D:4      | Got a twitching copper ring
  3213 | D:4      | Identified the ring "Utriosa" {*Corrode rF++ Str+6 Int+7}
                  | (You found it on level 4 of the Dungeon)
  3274 | D:4      | Found a snail-covered altar of Cheibriados.
  3341 | D:4      | Reached skill level 4 in Dodging
  3940 | D:5      | Entered Level 5 of the Dungeon
  3943 | D:5      | Noticed Eustachio
  4105 | D:4      | Killed Eustachio
  4105 | D:4      | Reached * piety under Okawaru
  4425 | D:5      | Reached XP level 8. HP: 52/52 MP: 9/9
  4485 | D:5      | Found a staircase to the Ecumenical Temple.
  4658 | D:5      | Reached skill level 10 in Slings
  4898 | D:5      | Noticed Blork the orc
  4923 | D:5      | Killed Blork the orc
  5429 | D:6      | Learned a level 1 spell: Magic Dart
  5432 | D:6      | Learned a level 2 spell: Call Imp
  5435 | D:6      | Learned a level 2 spell: Blink
  5439 | D:6      | Learned a level 3 spell: Mephitic Cloud
  5813 | D:6      | Found a stormy altar of Qazlal.
  5814 | D:6      | Found a basalt altar of Yredelemnul.
  5995 | D:6      | Noticed Prince Ribbit
  6447 | D:6      | Killed Prince Ribbit
  6447 | D:6      | Reached ** piety under Okawaru
  6448 | D:6      | Reached XP level 9. HP: 56/56 MP: 8/10
  6865 | D:7      | Got a pair of faintly humming boots
  6936 | D:7      | Identified the -2 pair of boots "Totink" {SInv} (You found
                  | it on level 7 of the Dungeon)
  7176 | D:7      | Learned a level 1 spell: Corona
  7202 | D:7      | Reached skill level 1 in Invocations
  7447 | D:7      | Reached skill level 1 in Fire Magic
  7447 | D:7      | Reached skill level 1 in Air Magic
  8283 | D:8      | Got a crude cloak
  8295 | D:8      | Identified the +3 cloak "Rakhludwiru" {+Inv rCorr Slay+5}
                  | (You found it on level 8 of the Dungeon)
  8400 | D:8      | Reached skill level 5 in Translocations
  8401 | D:8      | Noticed Maggie
  8414 | D:8      | Killed Maggie
  8414 | D:8      | Reached *** piety under Okawaru
  8420 | D:8      | Found a shadowy altar of Dithmenos.
  8544 | D:8      | Learned a level 3 spell: Portal Projectile
  8576 | D:8      | Found a sparkling altar of Nemelex Xobeh.
  8806 | D:8      | Found a sand-covered staircase.
  8816 | Ossuary  | Entered an ossuary
  8869 | Ossuary  | Reached skill level 5 in Invocations
  9022 | D:8      | Reached XP level 10. HP: 63/63 MP: 13/13
  9330 | D:8      | Found a shadowy altar of Dithmenos.
  9379 | D:8      | Found a sparkling altar of Nemelex Xobeh.
  9639 | D:8      | Found a shadowy altar of Dithmenos.
  9685 | D:8      | Found a sparkling altar of Nemelex Xobeh.
  9996 | D:9      | Received a gift from Okawaru
 10014 | D:9      | Found a flagged portal.
 10029 | Bailey   | Entered a bailey
 10152 | D:9      | Reached **** piety under Okawaru
 10152 | D:9      | Received a gift from Okawaru
 10196 | D:9      | Found the -2 hat of the Alchemist {rElec rPois rF+ rC+ rN+
                  | Will+ rMut rCorr}
 10219 | D:9      | Reached skill level 1 in Hexes
 10219 | D:9      | Reached skill level 1 in Summonings
 10315 | D:9      | Reached skill level 5 in Dodging
 10334 | D:9      | Reached XP level 11. HP: 53/67 MP: 16/16
 10513 | D:9      | Found a hazy altar of Hepliaklqana.
 10519 | D:9      | Noticed Maurice
 10534 | D:9      | Killed Maurice
 11056 | D:10     | Entered Level 10 of the Dungeon
 11147 | D:10     | Received a gift from Okawaru
 11186 | D:10     | Reached skill level 6 in Dodging
 11221 | D:10     | Reached ***** piety under Okawaru
 11221 | D:10     | Received a gift from Okawaru
 11665 | D:10     | Found a staircase to the Lair.
 11711 | Lair:1   | Entered Level 1 of the Lair of Beasts
 12209 | D:10     | Noticed a two-headed ogre
 12217 | D:10     | Killed a two-headed ogre
 12217 | D:10     | Received a gift from Okawaru
 12218 | D:10     | Reached skill level 7 in Dodging
 12418 | D:10     | Found a staircase to the Orcish Mines.
 12857 | D:10     | Found a staircase to the Lair.
 12915 | Lair:1   | Reached skill level 5 in Armour
 12920 | Lair:1   | Received a gift from Okawaru
 13001 | Lair:1   | Reached XP level 12. HP: 72/72 MP: 17/17
 13010 | Lair:1   | Reached skill level 5 in Hexes
 13164 | Lair:1   | Received a gift from Okawaru
 13178 | Lair:1   | Reached skill level 8 in Dodging
 13465 | Lair:1   | Received a gift from Okawaru
 13597 | Lair:1   | Noticed a six-headed hydra
 13619 | Lair:1   | Killed a six-headed hydra
 13619 | Lair:1   | Received a gift from Okawaru
 13620 | Lair:1   | Reached skill level 5 in Stealth
 14023 | Lair:1   | Reached skill level 9 in Dodging
 14084 | Lair:1   | Received a gift from Okawaru
 14636 | Lair:2   | Found a staircase to the Swamp.
 14794 | Swamp:1  | Entered Level 1 of the Swamp
 14796 | Swamp:1  | Noticed a thorn hunter
 14850 | Lair:2   | Got a twisted hand axe
 15132 | Lair:2   | Reached XP level 13. HP: 77/77 MP: 18/18
 15171 | Lair:2   | Reached skill level 10 in Dodging
 15171 | Lair:2   | Reached skill level 5 in Summonings
 15862 | Lair:3   | Noticed a five-headed hydra
 15867 | Lair:3   | Killed a five-headed hydra
 16048 | Lair:3   | Received a gift from Okawaru
 16247 | Lair:3   | Reached skill level 11 in Dodging
 16269 | Lair:3   | Reached ****** piety under Okawaru
 16273 | Lair:3   | Received a gift from Okawaru
 16687 | Lair:4   | Received a gift from Okawaru
 16947 | Lair:4   | Noticed a four-headed hydra
 16956 | Lair:4   | Received a gift from Okawaru
 16972 | Lair:4   | Killed a four-headed hydra
 16972 | Lair:4   | Received a gift from Okawaru
 16986 | Lair:4   | Got a spiked helmet {god gift}
 16997 | Lair:4   | Identified the +1 helmet "Iloub" {rCorr Int+2} (Okawaru
                  | gifted it to you on level 4 of the Lair of Beasts)
 17140 | Lair:4   | Found a hole to the Spider Nest.
 17210 | Lair:4   | Reached skill level 12 in Dodging
 17483 | Lair:4   | Got a faintly glowing plate armour
 17484 | Lair:4   | Identified the +1 plate armour of Masochism {rF+} (You
                  | found it on level 4 of the Lair of Beasts)
 17683 | Lair:4   | Reached XP level 14. HP: 83/83 MP: 19/19
 18708 | Lair:6   | Entered Level 6 of the Lair of Beasts
 18887 | Lair:6   | Found a staircase to the Slime Pits.
 18888 | Lair:6   | Found a viscous altar of Jiyva.
 18896 | Slime:1  | Entered Level 1 of the Pits of Slime
 18896 | Slime:1  | Noticed an acid blob
 18896 | Slime:1  | Noticed an azure jelly
 18915 | Lair:6   | Found a dark tunnel.
 18931 | Volcano  | Entered a volcano
 19001 | Lair:6   | Reached skill level 10 in Armour
 19001 | Lair:6   | Reached skill level 13 in Dodging
 19336 | Lair:6   | Received a gift from Okawaru
 19448 | Lair:6   | Found a runed translucent gate.
 19448 | Lair:6   | Found a runed translucent gate.
 19448 | Lair:6   | Found a runed translucent gate.
 19456 | Lair:6   | Noticed buriedalive's ghost (journeyman DEIE)
 19931 | Lair:6   | Received a gift from Okawaru
 20107 | Lair:6   | Reached skill level 14 in Dodging
 20338 | Lair:6   | Received a gift from Okawaru
 20364 | Lair:6   | Got a twisted helmet {god gift}
 20375 | Lair:6   | Identified the -4 helmet of a treasure trove {rCorr SInv}
                  | (Okawaru gifted it to you on level 6 of the Lair of Beasts)
 22425 | Lair:4   | Found a hole to the Spider Nest.
 22722 | Lair:6   | Gained mutation: You do not regenerate when monsters are
                  | visible. [potion of mutation]
 22739 | Lair:6   | Killed buriedalive's ghost
 23486 | D:10     | Found a staircase to the Orcish Mines.
 24296 | D:11     | Reached XP level 15. HP: 88/88 MP: 10/20
 24615 | D:11     | Found a frozen archway.
 24684 | IceCv    | Entered an ice cave
 24741 | IceCv    | Reached skill level 1 in Evocations
 24891 | IceCv    | Got a scorched ring mail
 24902 | IceCv    | Identified the +4 ring mail of the Skies Above {rPois rN+
                  | Will-} (You found it in an ice cave)
 25021 | D:11     | Found a sparkling altar of Nemelex Xobeh.
 25356 | D:11     | Reached skill level 1 in Ice Magic
 25567 | D:12     | Noticed Azrael
 25718 | D:12     | Noticed Rupert
 25730 | D:12     | Paralysed by Rupert for 7 turns
 25737 | D:12     | Slain by Rupert

Illustrated notes

Levels and vault maps discovered:
D:1:      minmay_arrival_pointy, layout_rooms
D:2:      layout_basic, grunt_temple_overflow_diamond, uniq_sigmund
D:3:      minmay_door_path, layout_loops_ring
D:4:      layout_loops_corners, cheibriados_altar_1, portal_sewer_entry_a
D:5:      layout_loops_ring, minmay_temple_entry_gardened_gates,
          uniq_blork_the_orc, uniq_eustachio
D:6:      layout_cave_pools, nicolae_overflow_hidden_temple, uniq_prince_ribbit1
D:7:      layout_loops_corners
D:8:      layout_gridville, nemelex_xobeh_ov_fountains_minmay,
          old_standard_altar, nicolae_ossuary_entry_giza, uniq_maggie
D:9:      layout_loops_ring, nicolae_overflow_crystal_walls, enter_bailey_2,
          moated_statue, kennysheep_generic_room_8, uniq_maurice
D:10:     layout_stronghold, erik_lair_orcish_takeover, orc_0_dummy
D:11:     layout_loops_ring, serial_glass, glass_columns_b, glass_columns_b,
          glass_columns_a, glass_columns_a, glass_columns_c,
          due_unseen_surprise, minmay_strange_pillars, feat_on_display,
          feat_on_display, portal_ice_cave_entry_pillars_1, lemuel_oklob_altar
D:12:     layout_cave_pools, uniq_azrael, uniq_rupert
Lair:1:   layout_loops_ring, grunt_megastairs_5
Lair:2:   layout_cave_pods, minmay_swamp_entry_reptiles, roderic_carrion_pond,
          grunt_megastairs_4, lemuel_fruit_fields
Lair:3:   layout_gridlike
Lair:4:   layout_gridlike, spider_nest_entry_rubble
Lair:5:   layout_regular_city
Lair:6:   guppyfry_lair_end_dragon, layout_regular_city, slime_altar_1,
          nicolae_volcano_entry_lava_flow, ebering_ghost_rock_garden,
          wad_woods_road_03, hangedman_lair_generics_rect
Swamp:1:  layout_basic_swamp, basic_altar, swamp_pool4
Slime:1:  layout_caves, nicolae_slime_ancient_tower_intersection

Skill      XL: |  1  2  3  4  5  6  7  8  9 10 11 12 13 14 15 |
---------------+----------------------------------------------+-----
Slings         | 6 8 9 12 13 | 13.0
Fighting       | 2 3 |  3.6
Dodging        | 3 4 5 7 9 12 14 | 14.7
Stealth        | 2 3 4 5 6 |  6.3
Armour         | 1 2 5 7 9 11 | 11.4
Translocations | 6 8 |  8.3
Invocations    | 5 7 |  7.2
Fire Magic     | 1 |  1.0
Air Magic      | 1 2 |  2.0
Hexes          | 2 4 6 7 |  7.4
Summonings     | 2 3 4 5 6 |  6.6
Evocations     | 1 |  1.9
Ice Magic      | 1 |  1.8
Throwing       | |  0.2
Shields        | |  0.4
Spellcasting   | |  0.7

Action                   |  1- 3 |  4- 6 |  7- 9 | 10-12 | 13-15 || total
-------------------------+-------+-------+-------+-------+-------++-------
Melee: Hunting sling     |       |       |       |     1 |       ||     1
 Fire: Hunting sling     |    73 |   156 |   555 |   622 |       ||  1406
       Fustibalus        |       |       |       |   105 |   905 ||  1010
Throw: Dart              |       |       |    14 |       |       ||    14
 Cast: Blink             |       |       |    14 |       |    21 ||    35
       Portal Projectile |       |       |       |       |     1 ||     1
Invok: Heroism           |       |       |     9 |     6 |    15 ||    30
       Finesse           |       |       |       |     1 |     4 ||     5
Evoke: Wand              |       |       |       |       |     3 ||     3
  Use: Scroll            |       |       |    11 |     8 |    18 ||    37
       Potion            |       |       |     3 |     4 |    13 ||    20
Armor: Leather armour    |     3 |     3 |    16 |       |       ||    22
       Ring mail         |       |       |     7 |       |    16 ||    23
       Acid dragon scale |       |       |     1 |    38 |    44 ||    83
Dodge: Dodged            |    11 |    13 |   145 |   146 |   242 ||   557
Block: Other             |     2 |     5 |    45 |    35 |    32 ||   119
       Reflection        |       |       |     1 |     1 |       ||     2
